 Dungeon Crawl Stone Soup version 0.25-a0-362-g90ccd6aac3 (console) character file.

Game seed: 1267557416626650370, levelgen mode: deterministic

98 Kagalorn the Sneak (level 4, -9/38 HPs)
             Began as a Naga Arcane Marksman on Jan 4, 2020.
             Killed from afar by an orc wizard (11 damage)
             ... with a puff of frost
             ... on level 3 of the Dungeon.
             The game lasted 00:07:01 (2661 turns).

Kagalorn the Sneak (Naga Arcane Marksman)           Turns: 2661, Time: 00:07:01

Health: -9/38      AC:  5    Str: 14    XL:     4   Next: 71%
Magic:  5/5        EV:  7    Int: 13    God:
Gold:   125        SH:  0    Dex: 11    Spells: 4/5 levels left

rFire    . . .     SeeInvis +   a - +0 hand crossbow
rCold    . . .     Gourm    .   (no shield)
rNeg     . . .     Faith    .   j - +0 scale mail
rPois    +         Spirit   .   g - +0 helmet
rElec    .         Reflect  .   (no cloak)
rCorr    .         Harm     .   (no gloves)
MR       .....                  (no barding)
Stlth    ++........             (no amulet)
HPRegen  0.12/turn              (no ring)
MPRegen  0.09/turn              (no ring)

@: very slow
A: large, see invisible, deformed body, poison resistance, slowness 2, slow
metabolism 1, spit poison 1, AC +1
a: Spit Poison


You were on level 3 of the Dungeon.
You were hungry.

You visited 1 branch of the dungeon, and saw 3 of its levels.

You collected 125 gold pieces.

Inventory:

Hand Weapons
 a - a +0 hand crossbow (weapon)
 b - a +0 hand axe
Missiles
 d - 32 bolts (quivered)
Armour
 g - a +0 helmet (worn)
 j - a +0 scale mail (worn)
Scrolls
 c - 2 scrolls of amnesia {unknown}
 i - a scroll of enchant armour {unknown}
 k - 2 scrolls of remove curse {unknown}
 l - a scroll of identify {unknown}
Potions
 e - 2 potions of curing {unknown}
 h - a potion of degeneration {unknown}
 m - a potion of heal wounds
 n - a potion of lignification {unknown}
 o - a potion of resistance {unknown}
 q - a potion of mutation {unknown}
Comestibles
 f - 4 rations
 p - 4 chunks of flesh


   Skills:
 - Level 1.0 Fighting
 * Level 2.4 Crossbows
 - Level 1.5 Dodging
 * Level 5.9 Stealth
 - Level 1.0 Spellcasting
 - Level 3.0 Hexes


You had 4 spell levels left.
You knew the following spells:

 Your Spells              Type           Power        Failure   Level  Hunger
a - Corona                Hex            #......      36%         1    ##.....

Your spell library contained the following spells:

 Spells                   Type           Power        Failure   Level  Hunger
 Slow                     Hex            #.......     50%         2    ###....
 Inner Flame              Hex/Fire       #.......     90%         3    ####...
 Portal Projectile        Hex/Tloc       #.....       90%         3    ####...
 Cause Fear               Hex            #.........   98%         4    #####..
 Leda's Liquefaction      Hex/Erth       #.........   100%        4    #####..


Dungeon Overview and Level Annotations

Branches:
Dungeon (3/15)

Altars:
Kikubaaqudgha
Makhleb
Nemelex Xobeh
Ru


Innate Abilities, Weirdness & Mutations

You cannot wear boots.
Your serpentine skin is tough. (AC +1)
You have supernaturally acute eyesight. (SInv)
Armour fits poorly on your strangely shaped body.
Your system is resistant to poisons. (rPois)
You cover ground very slowly.
You have a slow metabolism.
You can spit poison.


Message History

The orc wizard hits you but does no damage.
a - a +0 hand crossbow (weapon)
The orc wizard barely misses you.
Firing (i - inventory)
d - 34 bolts (quivered)
Press: ? - help, Shift-Dir - straight line, f/p - orc wizard
Aim: an orc wizard, wielding a +0 dagger and wearing a +0 robe (severely wounded, fast, poisoned)
You shoot a bolt.
The bolt hits the orc wizard but does no damage.
The orc wizard is severely wounded.
The orc wizard hits you with a +0 dagger.
* * * LOW HITPOINT WARNING * * *
The orc wizard barely misses you.
Firing (i - inventory)
d - 33 bolts (quivered)
Press: ? - help, Shift-Dir - straight line, f/p - orc wizard
Aim: an orc wizard, wielding a +0 dagger and wearing a +0 robe (severely wounded, fast, poisoned)
You shoot a bolt. The bolt closely misses the orc wizard.
You have got your breath back.
The orc wizard casts a spell at you. The puff of frost hits you!
You die...

#...............#....####..#
#######..#.........>........
#..#.................#
#..#......##.#.#####.#
#..#..................
#..##.....##..........
#..##.###.#...........
#.....)...##.#.#####.#
#.....@o.........# #
#.#.#..#####.#.### # #.#..#
#.#.# #.#..# #o#.# # #..#
#)#.# .. #..# #)#.#.... #..#
#.#.#..# .#
#..#####.#.#..##.# ..
#.................


You could see an orc wizard.

Vanquished Creatures
  An adder (D:3)
  An ooze (D:2)
  2 worms
  2 dart slugs (D:2)
  5 orcs (D:3)
  5 bats
  A giant cockroach (D:1)
  9 goblins
  7 hobgoblins
  14 jackals
  5 frilled lizards
  6 kobolds
  5 rats
63 creatures vanquished.

Notes
Turn   | Place    | Note
-------+----------+-------------------------------------------
     0 | D:1      | Kagalorn the Naga Arcane Marksman began the quest for the
                  | Orb.
     0 | D:1      | Reached XP level 1. HP: 18/18 MP: 2/2
    49 | D:1      | Reached skill level 1 in Stealth
    94 | D:1      | Reached skill level 2 in Stealth
   137 | D:1      | Reached XP level 2. HP: 17/25 MP: 3/3
   154 | D:1      | Reached skill level 3 in Stealth
   159 | D:1      | HP: 1/25 [jackal (1)]
   622 | D:1      | Reached skill level 4 in Stealth
   817 | D:1      | Reached XP level 3. HP: 31/31 MP: 4/4
  1247 | D:2      | Reached skill level 5 in Stealth
  1800 | D:2      | Found a sacrificial altar of Ru.
  1878 | D:2      | Reached XP level 4. HP: 37/38 MP: 5/5
  1997 | D:2      | Found a sparkling altar of Nemelex Xobeh.
  2593 | D:3      | Found a burning altar of Makhleb.
  2596 | D:3      | Found an ancient bone altar of Kikubaaqudgha.
  2661 | D:3      | Killed from afar by an orc wizard

Levels and vault maps discovered:
D:1:      minmay_arrival_plants_in_alcoves, layout_loops_ring,
          minmay_misc_feat_encased
D:2:      layout_basic, nicolae_overflow_crystal_walls,
          nemelex_diamond_rough_becter
D:3:      minmay_evil_eye, layout_basic, grunt_temple_overflow_cloverleaf,
          first_ration

Skill      XL: |  1  2  3  4 |
---------------+-------------+-----
Stealth        | 2 4 5 |  5.9
Crossbows      | 2 |  2.4
Fighting       | |  1.0
Dodging        | |  1.5
Spellcasting   | |  1.0
Hexes          | |  3.0

Action                   |  1- 3 |  4- 6 || total
-------------------------+-------+-------++-------
Melee: Whip              |    52 |       ||    52
       Unarmed           |     5 |       ||     5
       Hand axe          |     2 |    32 ||    34
 Fire: Hand crossbow     |     5 |    11 ||    16
 Abil: Spit Poison       |    46 |    20 ||    66
 Stab: Sleeping          |     1 |       ||     1
  Eat: Chunk             |     4 |     3 ||     7
Armor: Robe              |    22 |       ||    22
       Scale mail        |     7 |    33 ||    40
Dodge: Dodged            |    46 |    21 ||    67

Table legend:
 A = Non-vault XP
 B = Vault XP
 C = Vault XP percentage of total XP
 D = Non-vault monster count
 E = Vault monster count
 F = Vault count percentage of total count
                 A         B        C        D         E       F
            +---------+---------+-------+---------+---------+-------
      Total |     141 |       0 |   0.0 |      63 |       0 |   0.0
            +---------+---------+-------+---------+---------+-------
        D:1 |      37 |       0 |   0.0 |      23 |       0 |   0.0
        D:2 |      50 |       0 |   0.0 |      22 |       0 |   0.0
        D:3 |      54 |       0 |   0.0 |      18 |       0 |   0.0
            +---------+---------+-------+---------+---------+-------
